cohdb
Replays
Latest Replays
All Replays
Popular Replays
Top Player Replays
Match Explorer
How It Works
Community
CoH3 Stats
Reddit
Sign in to upload your games and track your stats! →
Sign in with Steam
Match 44744370
Unlisted
Match 44744370
Overview
Messages
Build Orders
End
Construct Section Command Post
Dingo Light Scout Car
Infantry Section
Infantry Section
Construct Platoon Command Post
Grenade Package
Humber Armored Car
Selects Heavy Armor Battlegroup
Selects Rigorous Vehicle Training
Selects Forward Repair Assembly
Royal Engineer Section
6-pounder Anti-tank Gun Team
Construct Company Command Post
Crusader II Medium Tank
Vickers Machine Gun Team
Crusader II Medium Tank
Unlock M3 Grant Medium Tanks
Foot Guards Section
M3 Grant Medium Tank
Selects Light Vehicle Withdraw and Refit
Selects UNKNOWN (202330)
Selects Recon Artillery
Recon Artillery
M3 Grant Medium Tank
Jeremy
19禁
袅炸天
JT
月夜笑猫
Zds□■
miaowu0w0
화나?너못하자나
0
0
Comments
sign in to comment!
No comments posted yet!